 Dungeon Crawl Stone Soup version 0.18-b1-18-g7758cf2 (webtiles) character file.

109 Gargoyl the Skirmisher (level 4, 0/55 HPs)
             Began as a Demonspawn Abyssal Knight on May 2, 2016.
             Was a Believer of Lugonu.
             Succumbed to an adder's poison
             ... on level 3 of the Dungeon.
             The game lasted 00:09:27 (2397 turns).

Gargoyl the Skirmisher (Demonspawn Abyssal Knight)  Turns: 2397, Time: 00:09:28

Health: 0/55       AC: 22    Str: 13    XL:     4   Next: 60%
Magic:  4/5        EV:  2    Int: 14    God:    Lugonu [**....]
Gold:   147        SH:  0    Dex: 12    Spells: 0 memorised, 3 levels left

rFire  . . .     SeeInvis .     d - +0 glaive
rCold  . . .     Gourm    .     (armour currently unavailable)
rNeg   + + +     Faith    .     (shield currently unavailable)
rPois  +         Spirit   +     (helmet currently unavailable)
rElec  .         Dismiss  .     (cloak currently unavailable)
rCorr  .         Reflect  .     (gloves currently unavailable)
SustAt .         Harm     .     (boots currently unavailable)
MR     .....     NoTele   +     (no amulet)
Stlth  ++........               (no ring)
                                (no ring)

@: lethally poisoned (0 -> 0), exhausted, tree-form (expiring), slowed, very
slow, not resistant to hostile enchantments, unstealthy
A: (hooves 0), magic shield
a: Depart the Abyss, Bend Space, Renounce Religion


You were on level 3 of the Dungeon.
You worshipped Lugonu.
Lugonu was pleased with you.
You were hungry.
You were a tree.
You visited 1 branch of the dungeon, and saw 3 of its levels.
You visited the Abyss 1 time.

You collected 147 gold pieces.

Inventory:

Hand Weapons
 a - a +1 hand axe
 d - a +0 glaive (weapon)
Armour
 k - a +0 plate armour (melded)
Wands
 b - a wand of confusion (16/48)
Scrolls
 f - 3 scrolls of identify {unknown}
 g - 2 scrolls of noise {unknown}
 h - a scroll of immolation {unknown}
 i - 2 scrolls of remove curse {unknown}
 n - a scroll of fog {unknown}
Comestibles
 c - a bread ration
 j - 2 chunks of flesh


   Skills:
 + Level 3.9 Fighting
 + Level 2.0(2.1) Axes
 + Level 0.5(1.3) Polearms
 * Level 3.1 Armour
 + Level 1.1 Dodging
 + Level 0.8 Stealth
 + Level 2.6 Invocations


You had 3 spell levels left.
You didn't know any spells.

Dungeon Overview and Level Annotations

Branches:
Dungeon (3/15)

Altars:
Fedhas
Gozag
Kikubaaqudgha
Nemelex Xobeh
Qazlal


Innate Abilities, Weirdness & Mutations

((You have large cloven feet.))
When hurt, damage is shared between your health and your magic reserves.


Message History

Lugonu accepts your kill.
You cannot move.
You start resting.
You feel sick.
You feel a strong urge to attack something.
You start resting.
You are no longer berserk.
You are exhausted.
You feel yourself slow down.
You are feeling hungry.
You aren't carrying any potions.
There is a lethal amount of poison in your body!
You cannot move.
* * * LOW HITPOINT WARNING * * *
You feel sick.
* * * LOW HITPOINT WARNING * * *
You feel sick.
* * * LOW HITPOINT WARNING * * *
You feel sick.
Your transformation is almost over.
You die...

#... ..... .....
.....########
#...........###
#.......>......
#...........#
#.....†♣....#
#...........#
#...........#
#...........#
#####...........#
#..............##
#..............#
#..............#
#..............#


There were no monsters in sight!

Vanquished Creatures
  5 adders
  3 oozes
  2 giant geckos (D:2)
  2 ball pythons (D:1)
  6 bats
  3 giant cockroaches
  4 goblins
  2 hobgoblins (D:1)
  5 jackals (D:2)
  7 kobolds
  A quokka (D:2)
  5 giant newts
  3 rats (D:2)
48 creatures vanquished.

Notes
Turn   | Place    | Note
--------------------------------------------------------------
     0 | Abyss:1  | Gargoyl the Demonspawn Abyssal Knight began the quest for the Orb.
     0 | Abyss:1  | Reached XP level 1. HP: 18/18 MP: 2/2
    26 | Abyss:2  | Noticed a raiju
    26 | Abyss:2  | Noticed a raiju
    31 | Abyss:2  | Noticed a raiju
    61 | Abyss:2  | Found a corrupted altar of Lugonu.
   101 | Abyss:3  | Noticed a starcursed mass
   101 | Abyss:3  | Noticed an ancient zyme
   101 | Abyss:3  | Noticed a starcursed mass
   101 | Abyss:3  | Noticed a wretched star
   101 | Abyss:3  | Noticed a worldbinder
   101 | Abyss:3  | Noticed a flayed ghost
   164 | Abyss:3  | Noticed a small abomination
   167 | Abyss:3  | Noticed a large abomination
   179 | Abyss:3  | Noticed an apocalypse crab
   184 | D:1      | Escaped the Abyss
   268 | D:1      | Reached * piety under Lugonu
   289 | D:1      | Gained mutation: You have large cloven feet. [demonic ancestry]
   289 | D:1      | Reached XP level 2. HP: 24/24 MP: 3/3
   985 | D:2      | Found a stormy altar of Qazlal.
   993 | D:2      | Reached XP level 3. HP: 30/30 MP: 4/4
  1175 | D:2      | Reached skill level 1 in Dodging
  1625 | D:2      | Found an ancient bone altar of Kikubaaqudgha.
  1625 | D:2      | Found a blossoming altar of Fedhas.
  1821 | D:2      | Reached ** piety under Lugonu
  1852 | D:2      | Gained mutation: When hurt, damage is shared between your health and your magic reserves. [demonic ancestry]
  1852 | D:2      | Reached XP level 4. HP: 18/37 MP: 5/5
  2233 | D:2      | Found a sparkling altar of Nemelex Xobeh.
  2233 | D:2      | Found an opulent altar of Gozag.
  2383 | D:3      | HP: 2/55 [adder (1)]
  2389 | D:3      | HP: 1/55 [poisoned by an adder]
  2395 | D:3      | HP: 1/55 [poisoned by an adder]
  2397 | D:3      | Succumbed to an adder's poison

Skill      XL: |  1  2  3  4 |
---------------+-------------+-----
Axes           | 2 |  2.0
Armour         | 2 3 |  3.1
Dodging        | 1 |  1.1
Fighting       | |  3.9
Polearms       | |  0.5
Stealth        | |  0.8
Invocations    | |  2.6

Action                   |  1- 3 |  4- 6 || total
-------------------------+-------+-------++-------
Melee: Hand axe          |     8 |       ||     8
       Glaive            |   218 |    61 ||   279
       Kick              |    47 |    12 ||    59
Invok: Depart the Abyss  |     1 |       ||     1
  Use: Potion            |     1 |     3 ||     4
  Eat: Chunk             |     3 |     3 ||     6
Armor: Scale mail        |    88 |       ||    88
       Plate armour      |   171 |    84 ||   255
       Skin              |       |     1 ||     1
Dodge: Dodged            |   125 |    16 ||   141
